 Dungeon Crawl Stone Soup version 0.29-a0-834-g1e95ca9f62 (webtiles) character file.

Game seed: 8085394303601799498

132097 Pooter the Severer (level 16, -2/145 HPs)
             Began as a Minotaur Berserker on July 11, 2022.
             Was an Elder of Trog.
             Slain by a deep elf archer
             ... wielding a +0 short sword
              (5 damage)
             ... on level 2 of the Elven Halls on July 12, 2022.
             The game lasted 03:25:10 (34771 turns).

Pooter the Severer (Minotaur Berserker)            Turns: 34771, Time: 03:25:11

Health: -2/145     AC: 26    Str: 36    XL:     16   Next: 56%
Magic:  15/15      EV: 11    Int:  2    God:    Trog [****..]
Gold:   839        SH:  0    Dex: 15    Spells: 15/15 levels left

rFire   + + +      SeeInvis +   a - +5 battleaxe (elec)
rCold   + + +      Faith    .   (shield currently unavailable)
rNeg    . . .      Spirit   .   P - +3 gold dragon scales
rPois   +          Reflect  .   G - +2 hat
rElec   .          Harm     .   W - scarf {rC+ rF+}
rCorr   .          Rampage  .   V - +0 pair of gloves {Str+3}
Will    +....                   Q - +1 pair of boots {Stlth+}
Stlth   ..........              o - amulet of Pusousip {Regen+ Dex+4}
HPRegen 1.14/turn               C - +6 ring of strength
MPRegen 0.14/turn               Y - ring of the Good {rPois rC+ Int-4 SInv}

@: on berserk cooldown, slowed, studying Polearms, very slow
A: horns 2, retaliatory headbutt, iridescent scales 1, fire resistance 1
a: Renounce Religion, Berserk, Trog's Hand, Brothers in Arms


You were on level 2 of the Elven Halls.
You worshipped Trog.
Trog was greatly pleased with you.
You visited 4 branches of the dungeon, and saw 25 of its levels.
You also visited: Gauntlet, Ice Cave and Volcano.

You collected 2958 gold pieces.
You spent 2119 gold pieces at shops.

Inventory:

Hand Weapons
 a - a +5 battleaxe of electrocution (weapon)
   (You took it off a wight on level 9 of the Dungeon)
 b - the +9 arbalest "Deseser" {speed, rPois rCorr}
   (You found it on level 12 of the Dungeon)

   Attacks with this weapon are significantly faster.
   rPois:     It protects you from poison.
   rCorr:     It protects you from acid and corrosion.
 A - a +9 war axe of freezing
   (You took it off a wight on level 10 of the Dungeon)
 E - a +5 vorpal great mace
   (You took it off Urug on level 1 of the Orcish Mines)
Missiles
 h - 3 boomerangs of dispersal {!f}
 p - 4 boomerangs
 q - 5 curare-tipped darts
 K - 12 atropa-tipped darts
 N - 25 javelins (quivered)
Armour
 G - a +2 hat (worn)
   (You found it in an ice cave)
 M - the +1 shadow dragon scales "Lyrel" {-Tele rElec rCorr Str+2 Slay+3 Stlth++++}
   (You acquired it on level 1 of the Orcish Mines)

   Str:       It affects your strength (+2).
   Slay:      It affects your accuracy & damage with ranged weapons and melee
   (+3).
   rElec:     It insulates you from electricity.
   -Tele:     It prevents most forms of teleportation.
   rCorr:     It protects you from acid and corrosion.
   Stlth:     It makes you much more stealthy.
 P - +3 gold dragon scales (worn)
   (You took it off a minotaur in a Gauntlet)
 Q - a +1 pair of boots of stealth (worn)
   (You found it in an ice cave)
 R - the +0 cloak "Rimev" {Will+ rCorr Int+2}
   (You found it on level 1 of the Elven Halls)

   Int:       It affects your intelligence (+2).
   rCorr:     It protects you from acid and corrosion.
   Will:      It increases your willpower.
 U - the +4 kite shield of Card Tricks {-Tele Fly rCorr Int+6}
   (You found it on level 6 of the Lair of Beasts)

   Int:       It affects your intelligence (+6).
   Fly:       It grants you flight.
   -Tele:     It prevents most forms of teleportation.
   rCorr:     It protects you from acid and corrosion.
 V - a +0 pair of gloves of strength (worn)
   (You found it in a Gauntlet)
 W - a scarf of resistance (worn)
   (You found it on level 11 of the Dungeon)
Jewellery
 o - the amulet of Pusousip (around neck) {Regen+ Dex+4}
   (You found it in a Gauntlet)

   [amulet of regeneration]

   Dex:       It affects your dexterity (+4).
   Regen:     It increases your rate of health regeneration.
 w - an amulet of reflection
   (You found it on level 8 of the Dungeon)
 C - a +6 ring of strength (left hand)
   (You found it on level 5 of the Lair of Beasts)
 F - a ring of protection from fire
   (You found it on level 4 of the Lair of Beasts)
 I - a ring of protection from cold
   (You found it in a Gauntlet)
 O - a ring of flight
   (You found it on level 6 of the Lair of Beasts)
 X - the ring "Dahupp" {rC++ rCorr Dex+5}
   (You found it on level 4 of the Lair of Beasts)

   [ring of resist corrosion]

   Dex:       It affects your dexterity (+5).
   rC:        It greatly protects you from cold.
   rCorr:     It protects you from acid and corrosion.
 Y - the ring of the Good (right hand) {rPois rC+ Int-4 SInv}
   (You took it off a minotaur in a Gauntlet)

   [ring of see invisible]

   Int:       It affects your intelligence (-4).
   rC:        It protects you from cold.
   rPois:     It protects you from poison.
   SInv:      It lets you see invisible.
Wands
 f - a wand of flame (73)
   (You found it on level 3 of the Dungeon)
 s - a wand of polymorph (3)
   (You found it in an ice cave)
 u - a wand of paralysis (14)
   (You took it off Erica on level 2 of the Lair of Beasts)
 B - a wand of roots (8)
   (You found it in a Gauntlet)
 D - a wand of digging (10)
   (You found it in an ice cave)
 T - a wand of mindburst (3)
   (You found it on level 6 of the Lair of Beasts)
 Z - a wand of quicksilver (2)
   (You found it in a Gauntlet)
Scrolls
 c - 2 scrolls of silence
 d - 3 scrolls of magic mapping
 l - 2 scrolls of immolation {!r}
 n - 5 scrolls of blinking
 t - 7 scrolls of teleportation {@r4}
 v - 4 scrolls of poison {!r}
 x - a scroll of fear
 y - 4 scrolls of noise {!r}
 L - 2 scrolls of summoning
Potions
 e - 5 potions of mutation {!q}
 g - 2 potions of resistance
 i - 2 potions of might
 j - 2 potions of haste {@q3}
 k - 3 potions of cancellation
 m - 4 potions of flight
 z - 9 potions of curing {@q1}
 H - 3 potions of attraction {!q}
 J - 3 potions of lignification {!q}
 S - 2 potions of heal wounds {@q2}
Miscellaneous
 r - a box of beasts
   (You found it in a Gauntlet)


   Skills:
 + Level 13.8 Fighting
 - Level 16.6(16.9) Axes
 - Level 4.0(11.5) Maces & Flails
 - Level 2.5(11.1) Polearms
 * Level 15.7 Ranged Weapons
 + Level 8.3 Throwing
 + Level 6.8 Armour
 + Level 10.1 Dodging
 + Level 10.2 Stealth
 - Level 5.5 Shields
 - Level 9.0 Evocations


You had 15 spell levels left.
You didn't know any spells.
Your spell library was empty.

Dungeon Overview and Level Annotations

Branches:
Dungeon (15/15)            Temple (0/1) D:5            Lair (6/6) D:8
 Shoals (0/4) Lair:2        Snake (0/4) Lair:4        Slime (0/5) Lair:6
    Orc (2/2) D:11            Elf (2/3) Orc:2        Vaults (0/5) D:14
 Depths (0/4) D:15          IceCv (visited)         Volcano (visited)
Gauntlet (visited)

Altars:
Fedhas
Hepliaklqana
Kikubaaqudgha
Qazlal
Trog
Uskayaw
Vehumet
Xom
Zin
The Shining One
Jiyva

Shops:
D:1 [   D:9 *   D:13 *   Orc:1 ?   Orc:2 ??(*(*=   Elf:2 *

Portals:
Trove: D:10 (give +3 shadow dragon scales)


Innate Abilities, Weirdness & Mutations

You have a pair of horns on your head.
You reflexively headbutt those who attack you in melee.
You are partially covered in iridescent scales. (AC +2)
Your flesh is heat resistant. (rF+)


Message History

The roots erupt in riotous growth!
Roots grab the deep elf zephyrmancer.
Roots grab the deep elf archer.
The grasping roots constrict the deep elf archer!
The grasping roots constrict the deep elf zephyrmancer!
You kill the deep elf zephyrmancer!
Trog accepts your kill.
Trog appreciates your killing of a magic user.
The deep elf archer shoots an arrow.
The arrow hits you!!
* * * LOW HITPOINT WARNING * * *
* * * LOW HITPOINT WARNING * * *
Aim: a deep elf archer, wielding a +1 vorpal longbow and wearing a +0 leather armour (moderately wounded, repelling missiles, constricted by roots, 96% to hit)
The bolt of dispelling energy hits the deep elf archer!!
The deep elf archer's magical effects unravel!
The grasping roots constrict the deep elf archer!!
You kill the deep elf archer!
Trog accepts your kill.
Trog appreciates your killing of a magic user.
The deep elf archer shoots an arrow.
The arrow hits you!
* * * LOW HITPOINT WARNING * * *
Unknown command.
A red film seems to cover your vision as you go berserk!
You feel yourself moving faster!
You feel mighty!
The deep elf zephyrmancer mumbles some strange words.
The deep elf zephyrmancer blinks!
The deep elf archer shoots an arrow.
The arrow hits you!
* * * LOW HITPOINT WARNING * * *
You feel a strong urge to attack something.
Your skin stops crawling.
You feel less strong-willed.
The deep elf archer casts a spell.
The deep elf archer blinks!
Items here: )) [ †.
The deep elf zephyrmancer gestures wildly while chanting.
The deep elf zephyrmancer blinks!
You see here a +0 long sword.
You feel your anger nearly subside.
The deep elf archer shoots an arrow.
The arrow hits you but does no damage.
You are no longer berserk.
You are exhausted.
You feel as though you will be slow longer.
The deep elf archer shoots an arrow.
The arrow hits you!
* * * LOW HITPOINT WARNING * * *
Found 23 gold pieces.
The deep elf zephyrmancer casts a spell at you.
The bolt of lightning misses you.
The deep elf archer shoots an arrow.
The arrow hits you!
* * * LOW HITPOINT WARNING * * *
The deep elf archer unwields a +0 shortbow.
The deep elf archer wields a +0 short sword.
The deep elf archer hits you with a +0 short sword.
You die...

#.#........$..
#.#..........# ###
#............# #.##
#............# .#.##
#...((.......# #.#.##
#............#
##.#.######............#
#.##......).e..@e......
##.#.######.()........##
#.#)>.....#.).........#
....#####.#)###.#.#####
............# #...#
....#######.# #.#.#
##### ##...##.# # ####
.# # ...


You could see a deep elf archer (repels missiles) and a deep elf zephyrmancer.

Vanquished Creatures
  Jorgrun (Orc:1)
  The ghost of Muuss the Thaumaturge, an adept GnHW of Ashenzari (Lair:4)
  The ghost of PyroL the Frost Mage, a journeyman DrIE of Vehumet (Orc:2)
  A deep elf elementalist (Elf:1)
  A reaper (IceCv)
  A stone giant (Orc:1)
  Azrael (D:13)
  A deep elf annihilator (Elf:1)
  2 minotaurs
  Josephine (D:11)
  Harold (D:11)
  2 vault guards (D:14)
  2 ogre magi
  7 hydras
  Erica (Lair:2)
  3 boulder beetles
  4 catoblepae
  4 centaur warriors
  12 two-headed ogres
  A deep troll shaman (Lair:6)
  A tengu warrior (D:15)
  4 death yaks (Lair:6)
  6 dancing weapons
  Urug (Orc:1)
  2 orc high priests (Elf:1)
  4 deep elf knights
  Sonja (D:12)
  A fire crab (shapeshifter) (D:13)
  11 skeletal warriors
  7 deep elf archers
  2 deep trolls
  2 wizards
  10 deep elf zephyrmancers
  2 orc knights
  4 necromancers
  An oklob plant (Gauntlet)
  2 orc sorcerers
  6 cyclopes
  17 deep elf pyromancers
  2 manticores
  4 ugly things
  A moth of wrath (Gauntlet)
  9 elephants (Lair:6)
  A naga mage (D:15)
  A merfolk siren (Lair:2)
  A centaur skeleton (D:15)
  10 centaur zombies (D:15)
  Maurice (Orc:2)
  3 black mambas
  An ice statue (IceCv)
  4 gargoyles
  3 cane toads
  2 tengu conjurers
  Maggie (Lair:1)
  An anaconda simulacrum (IceCv)
  4 rime drakes
  13 komodo dragons
  An ice devil (IceCv)
  A yaktaur (D:15)
  3 entropy weaver simulacra (IceCv)
  11 trolls
  4 polar bears
  A meliai (shapeshifter) (D:13)
  A hornet (D:11)
  15 blink frogs
  6 slime creatures (D:12)
  Sigmund (D:2)
  3 centaur simulacra (D:15)
  A human (shapeshifter) (D:14)
  2 shadows
  8 wraiths
  61 yaks
  An air elemental (Elf:1)
  4 vampires
  A dire elephant simulacrum (IceCv)
  14 fire elementals
  5 basilisks
  20 humans (D:14)
  2 death yak simulacra
  4 vampire mosquitoes (D:14)
  A harpy simulacrum (IceCv)
  2 acid dragons (Gauntlet)
  3 wargs
  11 water moccasins
  7 hell hounds
  Duvessa (D:5)
  15 orc warriors
  A hornet zombie (D:15)
  3 black bears
  2 ice beasts (D:8)
  35 wolves
  24 ogres
  14 centaurs
  A phantom (D:6)
  2 kobold brigands
  Blork the orc (D:6)
  A gnoll sergeant (D:12)
  12 bullfrogs
  4 scorpions
  2 cane toad simulacra (IceCv)
  A necrophage (D:8)
  4 two-headed ogre simulacra
  17 wights
  Dowan (D:5)
  5 killer bees (D:11)
  4 electric eels
  3 elephant simulacra (IceCv)
  7 howler monkeys
  A hound (D:6)
  20 jellies
  A gnoll bouda (D:9)
  9 orc priests
  2 iguanas
  11 orc wizards
  12 hell rats
  6 polar bear simulacra
  9 spriggan simulacra
  3 troll simulacra
  A wolf simulacrum (IceCv)
  8 gnolls
  6 adders
  8 naga simulacra
  2 shadow imps
  9 white imps
  7 ufetubi
  4 worms
  4 dart slugs
  51 orcs
  7 ball pythons
  2 endoplasms (D:2)
  2 giant cockroaches
  5 goblins
  3 hobgoblins
  5 quokkas
  3 bats
  6 frilled lizards
  3 goblin skeletons (D:3)
  A goblin zombie (D:3)
  A hobgoblin zombie (D:3)
  11 kobolds
  A kobold zombie (D:3)
  An orc zombie (D:3)
  10 rats
783 creatures vanquished.

Vanquished Creatures (collateral kills)
  An orc priest (D:9)
  An orc wizard (D:9)
  3 orcs (D:9)
5 creatures vanquished.

Vanquished Creatures (others)
  A wizard (D:11)
  A deep elf pyromancer (Volcano)
  27 fungi
  57 plants
  2 withered plants (D:15)
88 creatures vanquished.

Grand Total: 876 creatures vanquished

Notes
Turn   | Place    | Note
-------+----------+-------------------------------------------
     0 | D:1      | Pooter the Minotaur Berserker began the quest for the Orb.
     0 | D:1      | Reached XP level 1. HP: 19/19 MP: 0/0
    61 | D:1      | Found Xujax's Armour Boutique.
   273 | D:1      | Reached XP level 2. HP: 27/27 MP: 1/1
   328 | D:1      | Reached skill level 4 in Axes
   934 | D:2      | Reached XP level 3. HP: 33/33 MP: 2/2
  1010 | D:2      | Reached skill level 1 in Stealth
  1087 | D:2      | Noticed Sigmund
  1459 | D:2      | Killed Sigmund
  1460 | D:2      | Reached skill level 5 in Axes
  1460 | D:2      | Reached XP level 4. HP: 39/41 MP: 3/3
  1460 | D:2      | Reached XP level 5. HP: 45/47 MP: 4/4
  1695 | D:2      | Found a faded altar of an unknown god.
  1970 | D:3      | Reached XP level 6. HP: 41/55 MP: 5/5
  2071 | D:3      | Found a glowing golden altar of the Shining One.
  2080 | D:3      | Reached ** piety under Trog
  2348 | D:3      | Found a blossoming altar of Fedhas.
  2423 | D:3      | Found a transporter.
  2442 | D:3      | Found a transporter.
  2723 | D:3      | Found a stormy altar of Qazlal.
  2926 | D:3      | Reached skill level 5 in Fighting
  2926 | D:3      | Reached skill level 6 in Axes
  3056 | D:3      | Reached skill level 1 in Polearms
  3124 | D:4      | Found an ancient bone altar of Kikubaaqudgha.
  3431 | D:4      | Found a radiant altar of Vehumet.
  3723 | D:5      | Entered Level 5 of the Dungeon
  3760 | D:5      | Noticed Dowan
  3778 | D:5      | Killed Dowan
  3779 | D:5      | Reached XP level 7. HP: 61/61 MP: 6/6
  4082 | D:5      | Noticed Duvessa
  4120 | D:5      | Found a staircase to the Ecumenical Temple.
  4135 | D:5      | Killed Duvessa
  4136 | D:5      | Reached skill level 7 in Axes
  4942 | D:6      | Found a glowing silver altar of Zin.
  4943 | D:6      | Noticed an angel
  5076 | D:6      | Reached skill level 1 in Ranged Weapons
  5248 | D:6      | Noticed Blork the orc
  5256 | D:6      | Killed Blork the orc
  5328 | D:6      | Reached XP level 8. HP: 70/70 MP: 7/7
  5720 | D:6      | Reached skill level 8 in Axes
  5720 | D:6      | Reached skill level 5 in Dodging
  6641 | D:7      | Reached XP level 9. HP: 78/78 MP: 8/8
  6789 | D:8      | Reached skill level 9 in Axes
  6860 | D:8      | Reached skill level 1 in Maces & Flails
  6872 | D:8      | Reached skill level 5 in Ranged Weapons
  6872 | D:8      | Reached skill level 1 in Evocations
  7435 | D:8      | Reached skill level 10 in Axes
  7533 | D:8      | Reached XP level 10. HP: 88/88 MP: 9/9
  8143 | D:8      | Found a staircase to the Lair.
  9270 | D:9      | Reached skill level 5 in Stealth
  9863 | D:9      | Found Rumeuk's Assorted Antiques.
  9872 | D:9      | Bought a clear potion for 26 gold pieces
  9872 | D:9      | Bought a scroll of identify for 58 gold pieces
  9872 | D:9      | Bought a scroll labelled CEUTEKUOSCH for 29 gold pieces
 10082 | D:10     | Entered Level 10 of the Dungeon
 10126 | D:10     | Noticed a two-headed ogre
 10137 | D:10     | Killed a two-headed ogre
 10307 | D:10     | Noticed a brown ugly thing
 10316 | D:10     | Killed a brown ugly thing
 10530 | D:10     | Found a portal to a secret trove of treasure.
 10646 | D:10     | Reached skill level 11 in Axes
 11120 | D:9      | Reached *** piety under Trog
 11225 | D:9      | Reached XP level 11. HP: 50/95 MP: 10/10
 11776 | D:10     | Found a hide-covered altar of Uskayaw.
 11898 | D:10     | Found a faded altar of an unknown god.
 11975 | D:10     | Found a faded altar of an unknown god.
 11975 | D:10     | Found a hazy altar of Hepliaklqana.
 12154 | Lair:1   | Entered Level 1 of the Lair of Beasts
 12275 | Lair:1   | Found a dark tunnel.
 12276 | Lair:1   | Gained mutation: Your flesh is heat resistant. (rF+)
                  | [potion of mutation]
 12276 | Lair:1   | Gained mutation: You are partially covered in iridescent
                  | scales. (AC +2) [potion of mutation]
 12283 | Volcano  | Entered a volcano
 12319 | Volcano  | Noticed a deep elf pyromancer
 12320 | Volcano  | Noticed a deep elf pyromancer
 12321 | Volcano  | Noticed a deep elf pyromancer
 12382 | Volcano  | Noticed a deep elf pyromancer
 12383 | Volcano  | Noticed a deep elf pyromancer
 12396 | Volcano  | Killed a deep elf pyromancer
 12396 | Volcano  | Killed a deep elf pyromancer
 12397 | Volcano  | Reached skill level 12 in Axes
 12401 | Volcano  | Killed a deep elf pyromancer
 12405 | Volcano  | Killed a deep elf pyromancer
 12551 | Volcano  | Killed a deep elf pyromancer
 12640 | Volcano  | Noticed a deep elf pyromancer
 12648 | Volcano  | Killed a deep elf pyromancer
 12806 | Volcano  | Noticed a deep elf pyromancer
 12806 | Volcano  | Noticed a deep elf archer
 12806 | Volcano  | Noticed a deep elf pyromancer
 12822 | Volcano  | Killed a deep elf pyromancer
 12827 | Volcano  | Killed a deep elf pyromancer
 12855 | Volcano  | Killed a deep elf archer
 13138 | Lair:1   | Reached XP level 12. HP: 72/105 MP: 11/11
 13294 | Lair:1   | Reached skill level 5 in Evocations
 13439 | Lair:1   | Noticed a four-headed hydra
 13441 | Lair:1   | Noticed Maggie
 13453 | Lair:1   | Killed a four-headed hydra
 13454 | Lair:1   | Reached skill level 13 in Axes
 13454 | Lair:1   | Reached skill level 10 in Ranged Weapons
 13748 | Lair:1   | Killed Maggie
 14012 | Lair:1   | Reached skill level 1 in Throwing
 14604 | Lair:2   | Reached skill level 10 in Fighting
 14730 | Lair:2   | Found a staircase to the Shoals.
 15106 | Lair:2   | Noticed Erica
 15115 | Lair:2   | Killed Erica
 15207 | Lair:2   | Identified the +1 buckler of Koggah {Contam rF+ rCorr
                  | Stlth+}
 16009 | Lair:3   | Noticed a six-headed hydra
 16018 | Lair:3   | Killed a six-headed hydra
 16298 | Lair:3   | Noticed a four-headed hydra
 16305 | Lair:3   | Killed a four-headed hydra
 16487 | Lair:3   | Reached skill level 14 in Axes
 17165 | Lair:4   | Reached XP level 13. HP: 99/114 MP: 12/12
 17519 | Lair:4   | Identified the ring "Dahupp" {rC++ rCorr Dex+5}
 17810 | Lair:4   | Found a staircase to the Snake Pit.
 17829 | Lair:4   | Found a large runed translucent door.
 17832 | Lair:4   | Found a large runed translucent door.
 17833 | Lair:4   | Noticed Muuss's ghost (adept GnHW)
 18921 | Lair:6   | Entered Level 6 of the Lair of Beasts
 19647 | Lair:6   | Found a shimmering altar of Xom.
 19802 | Lair:6   | Reached **** piety under Trog
 19813 | Lair:6   | Reached skill level 15 in Axes
 19848 | Lair:6   | Found a staircase to the Slime Pits.
 19851 | Lair:6   | Found a viscous altar of Jiyva.
 19993 | Lair:6   | Identified the +4 kite shield of Card Tricks {-Tele Fly
                  | rCorr Int+6}
 20539 | Lair:6   | Reached XP level 14. HP: 124/124 MP: 13/13
 20869 | D:11     | Reached skill level 5 in Throwing
 20870 | D:11     | Noticed Harold
 20883 | D:11     | Killed Harold
 21008 | D:11     | Found a staircase to the Orcish Mines.
 21061 | D:11     | Found a gate leading to a gauntlet.
 21070 | Gauntlet | Entered a Gauntlet
 21070 | Gauntlet | Found a transporter.
 21070 | Gauntlet | Found a transporter.
 21083 | Gauntlet | Found a transporter.
 21093 | Gauntlet | Found a transporter.
 21215 | Gauntlet | Found a transporter.
 21329 | Gauntlet | Found a transporter.
 21345 | Gauntlet | Found a transporter.
 21346 | Gauntlet | Found a transporter.
 21419 | Gauntlet | Found a transporter.
 21439 | Gauntlet | Identified the amulet of Pusousip {Regen+ Dex+4}
 21519 | Gauntlet | Identified the ring of the Good {rPois rC+ Int-4 SInv}
 21727 | D:11     | Identified the amulet "Resoun" {RegenMP Rampage rC- rN+}
 22316 | Orc:1    | Entered Level 1 of the Orcish Mines
 22320 | Orc:1    | Noticed Josephine
 22402 | D:11     | Killed Josephine
 22403 | D:11     | Reached skill level 16 in Axes
 22631 | Orc:2    | Entered Level 2 of the Orcish Mines
 22631 | Orc:2    | Found a runed translucent gate.
 22631 | Orc:2    | Found a runed translucent gate.
 22631 | Orc:2    | Found a runed translucent gate.
 22659 | Orc:2    | Noticed a stone giant
 22679 | Orc:2    | Noticed PyroL's ghost (journeyman DrIE)
 22869 | Orc:1    | Killed a stone giant
 22917 | Orc:2    | Found Kaisu's General Store.
 23248 | Orc:2    | Noticed Maurice
 23319 | Orc:2    | Killed Maurice
 23378 | Orc:2    | Found Nayruqeo's Antique Weapon Emporium.
 23381 | Orc:2    | Found Wihud's General Store.
 23382 | Orc:2    | Found Zesuank's Magic Scroll Shop.
 23393 | Orc:2    | Bought a potion of curing for 42 gold pieces
 23393 | Orc:2    | Bought a scroll of brand weapon for 133 gold pieces
 23396 | Orc:2    | Found Ciuse's Magic Scroll Shoppe.
 23399 | Orc:2    | Bought a scroll of enchant weapon for 82 gold pieces
 23399 | Orc:2    | Bought a scroll of identify for 22 gold pieces
 23399 | Orc:2    | Bought a scroll of blinking for 82 gold pieces
 23399 | Orc:2    | Bought a scroll of magic mapping for 82 gold pieces
 23399 | Orc:2    | Bought a scroll of enchant weapon for 82 gold pieces
 23399 | Orc:2    | Bought a scroll of magic mapping for 82 gold pieces
 23406 | Orc:2    | Bought a scroll of summoning for 161 gold pieces
 23406 | Orc:2    | Bought a scroll of identify for 34 gold pieces
 23406 | Orc:2    | Bought a scroll of identify for 34 gold pieces
 23406 | Orc:2    | Bought a scroll of enchant armour for 127 gold pieces
 23659 | Orc:2    | Found Liotedo's Jewellery Shoppe.
 23678 | Orc:2    | Bought a ring of see invisible for 210 gold pieces
 23741 | D:12     | Found a frozen archway.
 23785 | IceCv    | Entered an ice cave
 25675 | IceCv    | Noticed a reaper
 25681 | IceCv    | Reached skill level 1 in Shields
 25689 | IceCv    | Killed a reaper
 25690 | IceCv    | Reached XP level 15. HP: 70/134 MP: 14/14
 26354 | D:12     | Identified the +9 arbalest "Deseser" {speed, rPois rCorr}
 26886 | D:12     | Found a bloodstained altar of Trog.
 26914 | D:12     | Noticed Sonja
 26921 | D:12     | Killed Sonja
 27313 | D:13     | Identified the +8 falchion "Erov" {venom, rCorr Str+3
                  | Int-3}
 27315 | D:13     | Noticed Azrael
 27326 | D:13     | Killed Azrael
 27618 | D:13     | Found Zywogg's Overcharged Wands.
 28735 | D:14     | Reached ***** piety under Trog
 28740 | D:14     | Found a gate to the Vaults.
 29156 | D:15     | Entered Level 15 of the Dungeon
 29466 | D:15     | Reached skill level 5 in Armour
 30275 | D:15     | Found a staircase to the Depths.
 30279 | D:15     | Reached skill level 15 in Ranged Weapons
 30279 | D:15     | Reached XP level 16. HP: 110/139 MP: 15/15
 30488 | D:15     | Reached skill level 5 in Shields
 30642 | D:15     | Upgraded the game from 0.29-a0-830-gcb1280458a to
                  | 0.29-a0-834-g1e95ca9f62
 30959 | Lair:4   | Killed Muuss's ghost
 31369 | Orc:2    | Killed PyroL's ghost
 31745 | Orc:2    | Found a staircase to the Elven Halls.
 31777 | Orc:1    | Found Kiopsura's Magic Scroll Shop.
 31789 | Orc:1    | Noticed Urug
 31795 | Orc:1    | Noticed Jorgrun
 31801 | Orc:1    | Killed Urug
 31810 | Orc:1    | Killed Jorgrun
 31943 | Orc:1    | Bought a scroll of enchant armour for 105 gold pieces
 31943 | Orc:1    | Bought a scroll of acquirement for 728 gold pieces
 31950 | Orc:1    | Acquired the +1 shadow dragon scales "Lyrel" {-Tele rElec
                  | rCorr Str+2 Slay+3 Stlth++++}
 32128 | Orc:2    | Found Qoemorha's Weapon Emporium.
 32599 | Elf:1    | Entered Level 1 of the Elven Halls
 33364 | Elf:1    | Reached skill level 10 in Stealth
 33729 | Elf:1    | Paralysed by an air elemental for 1 turns
 33894 | Elf:1    | Identified the +0 cloak "Rimev" {Will+ rCorr Int+2}
 34252 | Elf:1    | Found a runed translucent door.
 34378 | Elf:1    | Reached skill level 10 in Dodging
 34653 | Elf:2    | Found Lan Odu's General Store.
 34770 | Elf:2    | HP: 2/145 [deep elf archer/arrow (17)]
 34771 | Elf:2    | Slain by a deep elf archer

Illustrated notes

Levels and vault maps discovered:
D:1:      sevenhm_arrival_forest_fort_large_1, layout_loops_ring, serial_shops,
          shop, chequers_serial_rivers_micro_e, minmay_lizard_pond
D:2:      layout_basic, dreamdust_ecumenical_altar_grove, uniq_sigmund
D:3:      gammafunk_steamed_eel, layout_basic, mainiacjoe_overflow_catwalk,
          nicolae_tso_besieged_by_evil, overflow_temple_1_default,
          grunt_decor_cap
D:4:      layout_basic, fiery_altar_vehumet, mainiacjoe_overflow_boulevard
D:5:      layout_loops_ring, temple_statues, uniq_duvessa
D:6:      layout_loops_ring, zin_angel, grunt_potential, uniq_blork_the_orc
D:7:      layout_cave_pools
D:8:      layout_loops_cross, david_lair_shrubbed, nicolae_underground_beach
D:9:      layout_gridville, serial_shops, nicolae_shop_overgrown_old_shop,
          minivault_4, dreamdust_princess_corridor
D:10:     layout_loops_corners, mainiacjoe_overflow_small_starburst,
          nicolae_hepliaklqana_ecumenical_no_more, nicolae_trove_entry_diagonal,
          serial_bayou_pond_e
D:11:     cheibrodos_wizards_tower, layout_cave_pods, david_orc_3,
          gauntlet_entry_generic, uniq_harold
D:12:     layout_irregular_city, portal_ice_cave_entry_ice_simulacra,
          trog_antimagical, uniq_sonja
D:13:     layout_irregular_city, nicolae_shop_overcharged_wands, uniq_azrael
D:14:     layout_irregular_city, grunt_vaults_entry_tiered
D:15:     grunt_enter_depths_magical_seal, layout_rooms, serial_undead,
          serial_undead_a, serial_undead_d, serial_undead_e, serial_undead_b
Lair:1:   layout_cellular_growth, nicolae_volcano_entry_hallway,
          grunt_megastairs_4, uniq_maggie
Lair:2:   layout_concentric_octagons, minmay_shoals_entry_lonely_mermaid,
          uniq_erica
Lair:3:   layout_gridlike, beast_lair_carwin_5, grunt_megastairs_5
Lair:4:   layout_misc_corridors, dummy_snake_entry, ebering_ghost_disaster_area,
          grunt_megastairs_3
Lair:5:   layout_cave_shapes, serial_bayou_lake_a
Lair:6:   grunt_lair_end_beastmaster, layout_gridlike,
          minmay_slime_entry_jelly_boxes, basic_altar
Orc:1:    layout_caves, serial_shops, shop, uniq_jorgrun, uniq_urug,
          uniq_josephine
Orc:2:    st_orc_open, layout_caves, serial_shops, shop, shop,
          nicolae_shop_crystal, maelrawn_ghost_gauntlet_escape, uniq_maurice
Elf:1:    elf_arrival_001, layout_loops_cross, minmay_elf_annihilation,
          minivault_25, minivault_13
Elf:2:    elven_hall_of_blades_hangedman_alternative
          [nicolae_blade_entry_splitting_headache], layout_loops_ring,
          serial_shops, shop, evilmike_spriggan_trog_shrine

Skill      XL: |  1  2  3  4  5  6  7  8  9 10 11 12 13 14 15 16 |
---------------+-------------------------------------------------+-----
Axes           | 4 5 6 7 8 10 11 12 14 15 16 | 16.6
Fighting       | 4 5 6 7 8 9 10 11 12 13 | 13.8
Stealth        | 2 3 4 5 6 7 8 9 10 | 10.2
Dodging        | 3 4 5 6 7 8 9 10 | 10.1
Polearms       | 1 2 |  2.5
Ranged Weapons | 1 4 6 7 9 11 12 14 15 | 15.7
Maces & Flails | 3 4 |  4.0
Evocations     | 2 3 4 5 6 7 8 9 |  9.0
Throwing       | 3 4 6 7 8 |  8.3
Shields        | 1 4 5 |  5.5
Armour         | 5 6 |  6.8

Action                   |  1- 3 |  4- 6 |  7- 9 | 10-12 | 13-15 | 16-18 || total
-------------------------+-------+-------+-------+-------+-------+-------++-------
Melee: Hand axe          |    72 |       |     3 |       |       |       ||    75
       Headbutt          |    10 |    18 |    22 |    89 |   206 |    40 ||   385
       Punch             |     1 |     1 |     3 |       |       |       ||     5
       Halberd           |       |    53 |       |       |       |       ||    53
       Trident           |       |    56 |    20 |       |       |       ||    76
       War axe           |       |       |   111 |    67 |   286 |       ||   464
       Dire flail        |       |       |    23 |    10 |    15 |     2 ||    50
       Battleaxe         |       |       |       |   351 |   453 |   181 ||   985
 Fire: Shortbow          |       |       |    38 |   142 |    80 |       ||   260
       Sling             |       |       |       |       |   117 |       ||   117
       Arbalest          |       |       |       |       |   115 |    58 ||   173
Throw: Stone             |       |     6 |     2 |       |       |       ||     8
       Javelin           |       |       |       |    11 |    16 |    13 ||    40
       Dart              |       |       |       |    15 |     8 |       ||    23
Invok: Berserk           |     4 |     2 |     8 |    16 |    24 |     8 ||    62
       Trog's Hand       |       |     3 |     8 |    26 |    57 |     7 ||   101
       Brothers in Arms  |       |       |       |       |       |     1 ||     1
Evoke: Wand              |       |     5 |       |     2 |    16 |    11 ||    34
       Box of beasts     |       |       |       |       |       |     1 ||     1
  Use: Scroll            |       |     3 |     9 |    14 |    26 |     2 ||    54
       Potion            |       |       |       |    12 |     5 |     5 ||    22
 Stab: Paralysed         |       |       |       |       |     6 |     3 ||     9
       Invisible         |       |       |       |       |     9 |     1 ||    10
Armor: Animal skin       |     4 |       |       |       |       |       ||     4
       Ring mail         |     4 |       |       |       |       |       ||     4
       Scale mail        |    14 |    20 |       |       |       |       ||    34
       Chain mail        |       |    30 |    80 |    21 |       |       ||   131
       Plate armour      |       |       |       |   220 |   149 |       ||   369
       Gold dragon scale |       |       |       |       |   366 |    73 ||   439
       Shadow dragon sca |       |       |       |       |       |    52 ||    52
Dodge: Dodged            |    30 |    55 |    77 |   157 |   368 |    78 ||   765
Block: Other             |       |       |       |   115 |   124 |    26 ||   265
       Reflection        |       |       |       |     6 |    18 |     3 ||    27
       Kite shield       |       |       |       |       |   248 |       ||   248

Table legend: (Time is in decaauts)
 A = Elapsed time spent in this place.
 B = Non-inter-level travel time spent in this place.
 C = Inter-level travel time spent in this place.
 D = Time resting spent in this place.
 E = Time spent auto-exploring this place.
 F = Levels seen in this place.
 G = Mean time per level.
                   A        B        C        D        E       F      G
               +--------+--------+--------+--------+--------+-----+--------+
         Total |  35480 |  33966 |   1514 |  10503 |  16643 |  28 | 1267.1 |
       Dungeon |  18724 |  17787 |    937 |   5036 |   9705 |  15 | 1248.3 |
          Lair |   8300 |   7904 |    396 |   1400 |   5043 |   6 | 1383.3 |
  Orcish Mines |   2545 |   2408 |    137 |   1100 |    580 |   2 | 1272.5 |
   Elven Halls |   2186 |   2142 |     44 |    698 |    994 |   2 | 1093.0 |
      Ice Cave |   2289 |   2289 |      0 |   1504 |    257 |   1 | 2289.0 |
       Volcano |    859 |    859 |      0 |    564 |      0 |   1 |  859.0 |
      Gauntlet |    574 |    574 |      0 |    199 |     62 |   1 |  574.0 |
               +--------+--------+--------+--------+--------+-----+--------+

Top non-repeatable levels by time:
   IceCv: 2289 daAuts
     D:8: 2022 daAuts
   Elf:1: 1968 daAuts
     D:9: 1832 daAuts
  Lair:1: 1634 daAuts
  Lair:6: 1591 daAuts
     D:6: 1476 daAuts
    D:10: 1429 daAuts
   Orc:1: 1406 daAuts
  Lair:2: 1389 daAuts
  Lair:3: 1303 daAuts
    D:14: 1287 daAuts
  Lair:4: 1257 daAuts
    D:15: 1248 daAuts
     D:3: 1248 daAuts
